 Dungeon Crawl Stone Soup version 0.31-a0-145-g046c7d2549 (webtiles) character file.

Game seed: 6635187549089871966

280904 Gargoyl the Executioner (level 20, 0/149 HPs)
             Began as a Gargoyle Berserker on June 5, 2023.
             Was a High Priest of Trog.
             Slain by a tentacled monstrosity (4 damage)
             ... while paralysed by a dread lich
             ... on level 5 of the Vaults.
             The game lasted 01:01:22 (37025 turns).

Gargoyl the Executioner (Gargoyle Berserker)       Turns: 37025, Time: 01:01:23

Health: 0/149      AC: 46    Str: 43    XL:     20   Next: 89%
Magic:  0/20       EV: -1    Int:  9    God:    Trog [*****.]
Gold:   1734       SH:  0    Dex: 18    Spells: 19/19 levels left

rFire   + . .        j - +0 war axe (venom)
rCold   + . .        v - +2 buckler {reflect}
rNeg    + . .        w - +2 plate armour of the Vaults {Str+6 Stlth+}
rPois   ∞            X - +2 hat of Yredelemnul's Approval {rElec Str+2}
rElec   +            m - scarf of the Shining Light {+Inv, rF++}
rCorr   .            l - +2 pair of gloves {Dex+3}
SInv    +            s - +3 pair of mountain boots {steadfast, rC+}
Will    +++..        x - amulet of guardian spirit Stlth
                     K - ring "Zam For" {Str+6 SInv}
HPRegen 1.44/turn    D - +6 ring of strength
MPRegen 0.17/turn

%: reflection, guardian spirit
@: paralysed, strong-willed, on berserk cooldown, flying, regenerating, slowed,
constricted, studying 2 skills, unable to read
A: sickness immunity, AC +15, big wings, negative energy resistance 1,
electricity resistance, torment resistance 1, petrification resistance, robust
1, evolution 1, heat vulnerability 1, inability to read after injury 1
}: 1/15 runes: gossamer
a: Renounce Religion, Evoke Invisibility, Berserk, Trog's Hand, Brothers in Arms


You were on level 5 of the Vaults.
You worshipped Trog.
Trog was extremely pleased with you.
You visited 5 branches of the dungeon, and saw 31 of its levels.
You also visited: Sewer, Gauntlet and Ice Cave.

You collected 3905 gold pieces.
You spent 2171 gold pieces at shops.

Inventory:

Hand Weapons
 j - a +0 war axe of venom (weapon)
 C - a +1 war axe of flaming
 S - a +7 long sword of holy wrath
Missiles
 d - 42 poisoned darts
 J - 4 curare-tipped darts (quivered)
Armour
 k - a +2 chain mail of cold resistance
 l - a +2 pair of gloves of dexterity (worn)
 m - the scarf of the Shining Light (worn) {+Inv, rF++}
   (You found it on level 2 of the Vaults)

   rF:        It greatly protects you from fire.
 s - the +3 pair of mountain boots (worn) {steadfast, rC+}
   (You bought it in a shop on level 2 of the Orcish Mines)

   Steadfast: It prevents involuntary movement, except for blinking,
   teleportation, or banishment.
   rC:        It protects you from cold.
 v - a +2 buckler of reflection (worn)
 w - the +2 plate armour of the Vaults (worn) {Str+6 Stlth+}
   (You bought it in a shop on level 2 of the Orcish Mines)

   Str:       It affects your strength (+6).
   Stlth:     It makes you more stealthy.
 G - the +2 helmet of Wemol {Will+ Regen+}
   (You found it on level 11 of the Dungeon)

   Regen:     It increases your rate of health regeneration.
   Will:      It increases your willpower.
 R - a +2 cloak of cold resistance
 X - the +2 hat of Yredelemnul's Approval (worn) {rElec Str+2}
   (You found it on level 4 of the Spider Nest)

   Str:       It affects your strength (+2).
   rElec:     It insulates you from electricity.
Jewellery
 x - an amulet of guardian spirit (around neck)
 D - a +6 ring of strength (right hand)
 F - a ring of magical power
 K - the ring "Zam For" (left hand) {Str+6 SInv}
   (You found it on level 13 of the Dungeon)

   [ring of strength]

   Str:       It affects your strength (+6).
   SInv:      It lets you see invisible.
Wands
 h - a wand of roots (25)
 i - a wand of paralysis (25)
 y - a wand of flame (19)
 H - a wand of acid (11)
 N - a wand of digging (13)
 O - a wand of mindburst (7)
 W - a wand of polymorph (19)
Scrolls
 f - 28 scrolls of identify
 n - a scroll of fear
 p - 3 scrolls of summoning
 r - a scroll of magic mapping
 A - 4 scrolls of teleportation
 B - a scroll of poison
 E - 5 scrolls of fog
 I - 4 scrolls of blinking
 Q - a scroll of silence
Potions
 a - 2 potions of heal wounds
 b - 5 potions of enlightenment
 c - 2 potions of resistance
 e - 4 potions of magic
 g - 5 potions of invisibility
 o - 6 potions of haste
 q - 3 potions of cancellation
 t - 7 potions of might
 z - 14 potions of curing
 L - 10 potions of ambrosia
 Y - a potion of berserk rage
Miscellaneous
 u - a piece from Xom's chessboard (15/15)


   Skills:
 + Level 18.2 Fighting
 + Level 2.4 Short Blades
 * Level 22.9 Axes
 + Level 1.3 Throwing
 * Level 18.8 Armour
 + Level 10.3 Dodging
 + Level 5.2 Stealth
 + Level 11.4 Shields
 + Level 0.2 Evocations


You had 19 spell levels left.
You didn't know any spells.
Your spell library was empty.

Dungeon Overview and Level Annotations

Branches:
Dungeon (15/15)            Temple (0/1) D:7            Lair (5/5) D:8
  Swamp (0/4) Lair:2       Spider (4/4) Lair:2        Slime (0/5) Lair:5
    Orc (2/2) D:11            Elf (0/3) Orc:2        Vaults (5/5) D:14
  Crypt (0/3) Vaults:2     Depths (0/4) D:15          Sewer (visited)
  IceCv (visited)         Gauntlet (visited)

Altars:
Cheibriados
Elyvilon
Nemelex Xobeh
Okawaru
Trog
Uskayaw
The Shining One
Jiyva

Shops:
D:2 ?   D:5 :   D:9 (   D:11 [   D:12 *   Orc:2 *[[(   Vaults:2 (   Vaults:4 (

Portals:
Trove: Vaults:1 (give 8 potions of haste)


Innate Abilities, Weirdness & Mutations

You are immune to sickness and miasma.
Your stone body is resilient. (AC +15)
You are immune to poison.
Your large and strong wings let you fly.
You resist negative energy. (rN+)
You are resistant to electric shocks. (rElec)
You are resistant to unholy torment.
You are immune to petrification.
You are robust. (+10% HP)
You have hidden genetic potential.
You are vulnerable to heat. (rF-)
You occasionally lose the ability to read scrolls when taking damage.


Message History

The tentacled monstrosity constricts you.
You block the vault warden's attack. The hell beast bites you!
The hell beast closely misses you.
The deep elf high priest prays to its god.
The deep elf high priest begins emitting a brilliant aura!
The dread lich is empowered by the deep elf high priest's aura!
The ironbound preserver is empowered by the deep elf high priest's aura!
The vault warden is empowered by the deep elf high priest's aura!
The hell beast bites you but does no damage.
The hell beast barely misses you.
Your iron troll bites the hell beast!
Your iron troll claws the hell beast!!
Your iron troll claws the hell beast!
The dread lich points at you and mumbles some strange words.
You suddenly lose the ability to move!
The ironbound preserver hits you but does no damage.
The vault warden activates a sealing rune.
The deep troll earth mage bites you but does no damage.
The deep troll earth mage claws you but does no damage. x2
The tentacled monstrosity tentacle-slaps you but does no damage. x3
The tentacled monstrosity constricts you!
* * * LOW HITPOINT WARNING * * *
The hell beast bites you but does no damage.
The hell beast tramples you but does no damage.
The hell beast bites you but does no damage.
The hell beast tramples you but does no damage.
Your iron troll bites the hell beast!
Your iron troll claws the hell beast.
Your iron troll claws the hell beast!
The dread lich touches you!
* * * LOW HITPOINT WARNING * * *
The hell beast bites you but does no damage.
The hell beast tramples you but does no damage.
The hell beast bites you!
* * * LOW HITPOINT WARNING * * *
The hell beast tramples you but does no damage.
The ironbound preserver hits you with a +0 dire flail.
* * * LOW HITPOINT WARNING * * *
The deep troll earth mage bites you but does no damage.
The deep troll earth mage claws you but does no damage. x2
The tentacled monstrosity tentacle-slaps you but does no damage.
The tentacled monstrosity tentacle-slaps you.
You die...

#....# $. #..#....# ##
#'##..#....# ###.#
......#....##.#..
.....#....#...#
.............#
##########........######
.....eX.T))).<<[........
.....1L@p)).<).<........
......p22)).[<<......?..
.........T..............
########
##########....[....#####
.......#
........................
...##
...........#....#.......
#)..##
#..........#....######..
##...##
.#.........#.[..# .
###...##
..#........#....#


You could see a Hell Sentinel (summoned, sheltered), a tentacled monstrosity
(sheltered), an ironbound preserver (empowered, very poisoned), a dread lich
(fast, empowered, sheltered), a vault warden (empowered, sheltered, very
poisoned), 2 hell beasts, a deep elf high priest (brilliance aura, sheltered), a
deep troll earth mage (empowered, sheltered, ally target) and a friendly iron
troll (summoned, berserk).

Vanquished Creatures
  A dread lich (Vaults:2)
  Mlioglotl (Spider:2)
  3 sphinxes
  Gastronok (Lair:1)
  Donald (Spider:2)
  Roxanne (Spider:2)
  A tengu reaver (Vaults:5)
  Kirke (D:15)
  Agnes (Spider:2)
  A fire giant (Vaults:5)
  6 emperor scorpions
  A frost giant (Vaults:3)
  8 vault wardens
  3 ghost moths (Spider:4)
  A reaper (IceCv)
  10 ironbound preservers
  An orc warlord (Orc:1)
  2 stone giants
  8 ironbound thunderhulks
  4 formless jellyfish
  4 war gargoyles
  A minotaur (Gauntlet)
  5 dire elephants
  6 spark wasps
  A deep elf death mage (Vaults:5)
  2 ettins
  2 crystal guardians (Vaults:2)
  A ragged hierophant (Vaults:4)
  10 yaktaur captains
  5 entropy weavers
  A deep elf high priest (Vaults:4)
  8 great orbs of eyes
  4 hydras
  35 vault guards
  A radroach (Spider:4)
  6 ironbound frosthearts
  A servant of whispers (Vaults:4)
  An ogre mage (Orc:1)
  2 peacekeepers
  6 centaur warriors
  8 boulder beetles
  13 two-headed ogres
  5 death yaks
  2 death knights
  3 tengu warriors
  A death scarab (Spider:2)
  6 demonic crawlers
  5 orc high priests
  Sonja (D:12)
  A thrashing horror (Gauntlet)
  A sun demon (D:12)
  A hell knight (Vaults:2)
  Nergalle (Orc:1)
  12 pharaoh ants
  8 skeletal warriors
  4 sun moths
  14 ironbound convokers
  20 deep trolls
  2 necromancers
  8 orb spiders
  6 wizards
  4 phantasmal warriors
  4 harpies (Vaults:5)
  19 lindwurms
  2 deep elf pyromancers (D:15)
  5 steelbarb worms
  A lindwurm (shapeshifter) (D:13)
  5 orc knights
  19 ugly things
  A shining eye (Gauntlet)
  8 orc sorcerers
  26 wolf spiders
  5 cyclopes
  2 manticores (D:15)
  4 moths of wrath
  10 black mambas
  2 centaur zombies (D:15)
  A guardian serpent (shapeshifter) (D:13)
  A guardian serpent (Lair:5)
  10 elephants
  17 vault sentinels
  A smoke demon (D:12)
  3 naga magi (D:15)
  2 ice statues (IceCv)
  15 cane toads
  9 torpor snails
  2 centaur skeletons (D:15)
  Maggie (D:7)
  A kobold demonologist (D:13)
  13 yaktaurs
  An unseen horror (D:13)
  5 rime drakes
  A human zombie (Vaults:4)
  An efreet (D:13)
  2 anaconda simulacra (IceCv)
  3 freezing wraiths
  6 ice devils
  2 tengu conjurers (D:14)
  10 komodo dragons
  6 trolls
  A hellwing (D:12)
  An elf skeleton (Vaults:4)
  8 polar bears (Lair:5)
  12 hornets
  38 tarantellas
  Grinder (D:6)
  2 saltlings (Vaults:4)
  9 blink frogs
  2 raiju (Lair:5)
  A meliai zombie (D:15)
  20 jumping spiders
  40 slime creatures
  Sigmund (D:2)
  22 culicivoras
  2 shadows
  5 water elementals
  17 wyverns
  5 dire elephant simulacra (IceCv)
  A spriggan (shapeshifter) (D:14)
  An ettin skeleton (Vaults:4)
  64 yaks
  7 wraiths
  2 hogs (D:15)
  6 basilisks
  A golden eye (Gauntlet)
  9 vampire mosquitoes
  A death yak simulacrum (IceCv)
  44 redbacks
  6 wargs
  Menkaure (D:4)
  2 steam dragons
  A neqoxec (D:12)
  4 acid dragons
  A glowing shapeshifter zombie (Vaults:4)
  3 hydra simulacra (IceCv)
  24 water moccasins
  15 hell hounds (Lair:5)
  32 orc warriors
  3 floating eyes
  15 black bears
  2 ice beasts
  A sky beast (D:7)
  24 wolves
  6 ogres
  8 centaurs
  An elf simulacrum (Vaults:4)
  4 kobold brigands
  15 bullfrogs
  A gnoll sergeant (D:6)
  5 scorpions
  4 wights (D:6)
  3 small abominations (Gauntlet)
  An elephant simulacrum (IceCv)
  28 killer bees
  2 howler monkeys
  5 electric eels
  4 hounds
  7 jellies
  34 orc priests
  Crazy Yiuf (D:3)
  Jessica (D:3)
  4 sleepcaps
  Ijyb (D:3)
  Terence (D:3)
  2 gnoll boudas
  27 orc wizards
  An iguana (D:5)
  A troll simulacrum (IceCv)
  14 gnolls
  5 adders
  A naga simulacrum (IceCv)
  4 river rats (Sewer)
  3 white imps
  2 ufetubi
  7 worms
  3 dart slugs
  90 orcs
  3 ball pythons
  2 bats
  11 endoplasms
  6 giant cockroaches
  7 goblins
  7 hobgoblins
  5 jackals (D:1)
  16 kobolds
  3 quokkas
  A frilled lizard (D:1)
  9 rats
  2 starspawn tentacles (Spider:2)
1335 creatures vanquished.

Vanquished Creatures (collateral kills)
  An orc warlord (Orc:1)
  The ghost of voshxx the Ogre Mage, a journeyman OgFE of Vehumet (Lair:2)
  Josephine (Lair:5)
  A yaktaur captain (Vaults:2)
  An ogre mage (Vaults:5)
  A centaur warrior (D:15)
  A tengu warrior (D:14)
  3 death yaks (Lair:5)
  A deep troll (Vaults:3)
  A necromancer (Vaults:2)
  An ironbound convoker (Vaults:3)
  A manticore (D:14)
  A queen bee (Lair:2)
  3 meliai (Spider:3)
  A polar bear (Lair:5)
  2 jumping spiders (Spider:3)
  A wraith (Lair:5)
  A steam dragon (Lair:3)
  A water moccasin (Lair:5)
  2 orc warriors (Orc:1)
  A wolf (Lair:5)
  3 centaurs (D:15)
  2 killer bees (Lair:2)
  A jelly (Lair:5)
  3 orc wizards (Orc:1)
  7 orcs (Orc:1)
  3 jackals (D:4)
  A ball python (D:4)
47 creatures vanquished.

Vanquished Creatures (others)
  A vampire mage (Vaults:2)
  A yaktaur (Vaults:1)
  A tarantella (Spider:1)
  A water elemental (D:14)
  An electric eel (D:14)
  4 starspawn tentacles (Spider:2)
9 creatures vanquished.

Grand Total: 1391 creatures vanquished

Notes
Turn   | Place    | Note
-------+----------+-------------------------------------------
     0 | D:1      | Gargoyl the Gargoyle Berserker began the quest for the Orb.
     0 | D:1      | Reached XP level 1. HP: 14/14 MP: 1/1
   102 | D:1      | Reached XP level 2. HP: 18/19 MP: 2/2
   114 | D:1      | Reached skill level 3 in Axes
   581 | D:2      | Reached XP level 3. HP: 24/24 MP: 3/3
   601 | D:2      | Found Enuir's Magic Scroll Shop.
   927 | D:2      | Noticed Sigmund
  1046 | D:2      | Killed Sigmund
  1047 | D:2      | Reached skill level 4 in Axes
  1047 | D:2      | Reached XP level 4. HP: 29/29 MP: 4/4
  1047 | D:2      | Reached XP level 5. HP: 33/33 MP: 5/5
  1315 | D:3      | Reached XP level 6. HP: 35/38 MP: 6/6
  1504 | D:3      | Noticed Jessica
  1504 | D:3      | Noticed Ijyb
  1510 | D:3      | Killed Jessica
  1512 | D:3      | Killed Ijyb
  1513 | D:3      | Reached skill level 5 in Axes
  1558 | D:3      | Noticed Terence
  1569 | D:3      | Killed Terence
  1848 | D:3      | Reached ** piety under Trog
  1996 | D:3      | Found a runed translucent door.
  1997 | D:3      | Noticed Crazy Yiuf
  2050 | D:3      | Killed Crazy Yiuf
  2158 | D:4      | Found a glowing drain.
  2168 | Sewer    | Entered a sewer
  2300 | Sewer    | Reached XP level 7. HP: 37/43 MP: 7/7
  2706 | D:4      | Reached skill level 1 in Short Blades
  2706 | D:4      | Reached skill level 5 in Armour
  2772 | D:4      | Noticed Menkaure
  2780 | D:4      | Killed Menkaure
  3113 | D:4      | Reached XP level 8. HP: 48/48 MP: 8/8
  3219 | D:5      | Entered Level 5 of the Dungeon
  3219 | D:5      | Found Leph's Book Shoppe.
  3273 | D:5      | Reached skill level 6 in Axes
  3275 | D:5      | Reached skill level 5 in Fighting
  3422 | D:5      | Reached *** piety under Trog
  3750 | D:5      | Noticed a shadow
  3760 | D:5      | Killed a shadow
  3966 | D:5      | Reached skill level 7 in Axes
  4383 | D:6      | Noticed Grinder
  4395 | D:6      | Reached XP level 9. HP: 54/54 MP: 9/9
  4409 | D:6      | Paralysed by Grinder for 3 turns
  4414 | D:6      | Killed Grinder
  4415 | D:6      | Reached skill level 8 in Axes
  5036 | D:7      | Reached skill level 9 in Axes
  5273 | D:7      | Found a staircase to the Ecumenical Temple.
  5485 | D:7      | Reached XP level 10. HP: 60/60 MP: 10/10
  5533 | D:7      | Noticed Maggie
  5549 | D:7      | Killed Maggie
  5550 | D:7      | Reached skill level 10 in Axes
  6443 | D:8      | Reached **** piety under Trog
  6456 | D:8      | Reached skill level 11 in Axes
  6463 | D:8      | Reached skill level 1 in Stealth
  6500 | D:8      | Found a staircase to the Lair.
  7073 | Lair:1   | Entered Level 1 of the Lair of Beasts
  7123 | Lair:1   | Reached XP level 11. HP: 40/66 MP: 11/11
  7239 | Lair:1   | Reached skill level 12 in Axes
  7382 | Lair:1   | Noticed Gastronok
  7401 | Lair:1   | Killed Gastronok
  7446 | Lair:1   | Reached skill level 10 in Armour
  7718 | Lair:1   | Reached skill level 13 in Axes
  8007 | Lair:1   | Identified the +6 scale mail "Zuwybo" {Str+3}
  8095 | Lair:1   | Noticed a death yak
  8097 | Lair:1   | Noticed a death yak
  8113 | Lair:1   | Reached XP level 12. HP: 72/72 MP: 12/12
  8120 | Lair:1   | Killed a death yak
  8126 | Lair:1   | Killed a death yak
  8644 | Lair:2   | Gained mutation: Your spells are a little easier to cast,
                  | but a little less powerful. [potion of mutation]
  8644 | Lair:2   | Gained mutation: Your mind is acute. (Int +4, Str/Dex -1)
                  | [potion of mutation]
  8644 | Lair:2   | Gained mutation: Your mind is very acute. (Int +8, Str/Dex
                  | -2) [potion of mutation]
  8645 | Lair:2   | Lost mutation: Your spells are a little easier to cast, but
                  | a little less powerful. [potion of mutation]
  8645 | Lair:2   | Lost mutation: Your mind is very acute. (Int +8, Str/Dex
                  | -2) [potion of mutation]
  8645 | Lair:2   | Lost mutation: Your mind is acute. (Int +4, Str/Dex -1)
                  | [potion of mutation]
  8645 | Lair:2   | Gained mutation: You are dopey. (Int -2) [potion of
                  | mutation]
  8645 | Lair:2   | Gained mutation: Your movements are slightly less
                  | encumbered by armour. (ER -2) [potion of mutation]
  8656 | Lair:2   | Noticed an eight-headed hydra
  8658 | Lair:2   | Found a staircase to the Swamp.
  8679 | Lair:2   | Reached skill level 14 in Axes
  8926 | Lair:2   | Found a hole to the Spider Nest.
  9118 | Lair:2   | Killed a six-headed hydra
  9299 | Lair:2   | Reached skill level 15 in Axes
  9461 | Lair:2   | Found a transporter.
  9468 | Lair:2   | Found the +11 plutonium sword {Contam Stlth-}
  9470 | Lair:2   | Found a transporter.
  9470 | Lair:2   | Noticed voshxx's ghost (journeyman OgFE)
 10010 | Lair:2   | Killed voshxx's ghost
 10011 | Lair:2   | Reached XP level 13. HP: 80/80 MP: 13/13
 10279 | Lair:3   | Identified a scroll of acquirement
 10279 | Lair:3   | Acquired a manual of Dodging
 10559 | Lair:3   | Found a snail-covered altar of Cheibriados.
 11895 | Lair:4   | Reached skill level 16 in Axes
 12380 | Lair:5   | Entered Level 5 of the Lair of Beasts
 12701 | Lair:5   | Reached skill level 5 in Dodging
 12980 | Lair:5   | Reached skill level 10 in Fighting
 13210 | Lair:5   | Gained mutation: Your large and strong wings let you fly.
                  | [Gargoyle growth]
 13210 | Lair:5   | Reached XP level 14. HP: 88/88 MP: 14/14
 13399 | Lair:5   | Found a viscous altar of Jiyva.
 13399 | Lair:5   | Found a staircase to the Slime Pits.
 13629 | Lair:5   | Lost mutation: You are dopey. (Int -2) [potion of mutation]
 13629 | Lair:5   | Lost mutation: Your movements are slightly less encumbered
                  | by armour. (ER -2) [potion of mutation]
 13629 | Lair:5   | Gained mutation: You expend magic power (3 MP) to
                  | strengthen your wands. [potion of mutation]
 13629 | Lair:5   | Gained mutation: You are partially covered in iridescent
                  | scales. (AC +2) [potion of mutation]
 13666 | Lair:5   | Reached skill level 17 in Axes
 14437 | Lair:5   | Noticed Josephine
 14446 | Lair:5   | Killed Josephine
 15058 | D:9      | Found a large runed translucent door.
 15059 | D:9      | Found a large runed translucent door.
 15090 | D:9      | Found Kuema's Weapon Emporium.
 15866 | D:9      | Found a white marble altar of Elyvilon.
 15879 | D:9      | Found an iron altar of Okawaru.
 15914 | D:10     | Entered Level 10 of the Dungeon
 16885 | D:11     | Reached XP level 15. HP: 96/96 MP: 15/15
 17081 | D:11     | Found a staircase to the Orcish Mines.
 17206 | D:11     | Found Nummug Oxte's Antique Armour Boutique.
 17216 | D:11     | Bought a runed buckler for 217 gold pieces
 17399 | D:11     | Identified the +2 helmet of Wemol {Will+ Regen+}
 17569 | D:12     | Reached ***** piety under Trog
 17570 | D:12     | Found Samaivva's General Store.
 17582 | D:12     | Bought a scroll of teleportation for 42 gold pieces
 17591 | D:12     | Gained mutation: Potions are less effective at restoring
                  | your health. [a neqoxec]
 17946 | D:12     | Reached skill level 18 in Axes
 18233 | D:12     | Noticed Sonja
 18252 | D:12     | Killed Sonja
 18690 | D:13     | Identified the ring "Zam For" {Str+6 SInv}
 18712 | D:13     | Reached skill level 1 in Shields
 20018 | D:14     | Found a hide-covered altar of Uskayaw.
 20248 | D:14     | Found a gate leading to a gauntlet.
 20255 | Gauntlet | Entered a Gauntlet
 20255 | Gauntlet | Found a transporter.
 20258 | Gauntlet | Found a transporter.
 20323 | Gauntlet | Found a transporter.
 20323 | Gauntlet | Found a transporter.
 20359 | Gauntlet | Found a transporter.
 20359 | Gauntlet | Found a transporter.
 20359 | Gauntlet | Found a transporter.
 20402 | Gauntlet | Found a transporter.
 20404 | Gauntlet | Found a transporter.
 20404 | Gauntlet | Gained mutation: You do not regenerate when monsters are
                  | visible. [a shining eye]
 20405 | Gauntlet | Gained mutation: Your spells are a little easier to cast,
                  | but a little less powerful. [a shining eye]
 20410 | Gauntlet | Gained mutation: Your spells are easier to cast, but less
                  | powerful. [a shining eye]
 20413 | Gauntlet | Paralysed by a floating eye for 3 turns
 20420 | Gauntlet | Found a transporter.
 20438 | Gauntlet | Found a transporter.
 20448 | Gauntlet | Found a transporter.
 20450 | Gauntlet | Found a transporter.
 20457 | Gauntlet | Found a runed translucent gate.
 20457 | Gauntlet | Found a runed translucent gate.
 20457 | Gauntlet | Found a runed translucent gate.
 20459 | Gauntlet | Found a transporter.
 20502 | Gauntlet | Identified the ring of Jimatsir {rC+ rN+ Int+3}
 20605 | D:14     | Found a gate to the Vaults.
 20827 | D:15     | Entered Level 15 of the Dungeon
 20867 | D:15     | Reached XP level 16. HP: 86/104 MP: 10/16
 20973 | D:15     | Found a sparkling altar of Nemelex Xobeh.
 21204 | D:15     | Found a glowing golden altar of the Shining One.
 21851 | D:15     | Found a staircase to the Depths.
 21852 | D:15     | Noticed Kirke
 21874 | D:15     | Killed Kirke
 22000 | Orc:1    | Entered Level 1 of the Orcish Mines
 22061 | Orc:1    | Noticed Nergalle
 22068 | Orc:1    | Killed Nergalle
 22183 | Orc:1    | Reached skill level 19 in Axes
 22308 | Orc:1    | Received a gift from Trog
 22401 | Orc:1    | Reached skill level 5 in Shields
 22570 | Orc:1    | Found a bloodstained altar of Trog.
 22898 | Orc:2    | Entered Level 2 of the Orcish Mines
 22931 | Orc:2    | Found a staircase to the Elven Halls.
 22957 | Orc:2    | Found a frozen archway.
 22977 | IceCv    | Entered an ice cave
 23695 | Orc:2    | Reached skill level 15 in Armour
 23728 | Orc:2    | Gained mutation: You are clumsy. (Dex -2) [a neqoxec]
 23729 | Orc:2    | Paralysed by an orc sorcerer for 3 turns
 23780 | Orc:2    | Lost mutation: Your spells are easier to cast, but less
                  | powerful. [potion of mutation]
 23780 | Orc:2    | Lost mutation: Your spells are a little easier to cast, but
                  | a little less powerful. [potion of mutation]
 23780 | Orc:2    | Lost mutation: You are partially covered in iridescent
                  | scales. (AC +2) [potion of mutation]
 23815 | Orc:2    | Found Hatt's Antique Armour Shoppe.
 23815 | Orc:2    | Found Niull's General Store.
 23816 | Orc:2    | Found Rilinergh's Armour Emporium.
 23820 | Orc:2    | Found Vycwit's Antique Weapon Shoppe.
 23833 | Orc:2    | Bought the +3 pair of mountain boots {steadfast, rC+} for
                  | 804 gold pieces
 23833 | Orc:2    | Found the +3 pair of mountain boots {steadfast, rC+}
 23856 | Orc:2    | Bought a scroll of teleportation for 48 gold pieces
 23856 | Orc:2    | Bought a potion of ambrosia for 128 gold pieces
 23856 | Orc:2    | Bought a potion of heal wounds for 80 gold pieces
 23924 | Orc:2    | Bought a pair of runed gloves for 180 gold pieces
 23935 | Orc:2    | Bought a warped plate armour for 672 gold pieces
 23935 | Orc:2    | Identified the +2 plate armour of the Vaults {Str+6 Stlth+}
                  | (You bought it in a shop on level 2 of the Orcish Mines)
 24128 | Orc:2    | Received a gift from Trog
 24467 | Spider:1 | Entered Level 1 of the Spider Nest
 24491 | Spider:1 | Reached XP level 17. HP: 102/112 MP: 10/17
 25082 | Spider:1 | Lost mutation: You expend magic power (3 MP) to strengthen
                  | your wands. [potion of mutation]
 25082 | Spider:1 | Lost mutation: Potions are less effective at restoring your
                  | health. [potion of mutation]
 25082 | Spider:1 | Lost mutation: You are clumsy. (Dex -2) [potion of
                  | mutation]
 25082 | Spider:1 | Gained mutation: You are partially covered in iridescent
                  | scales. (AC +2) [potion of mutation]
 25348 | Spider:2 | Lost mutation: You do not regenerate when monsters are
                  | visible. [potion of mutation]
 25348 | Spider:2 | Lost mutation: You are partially covered in iridescent
                  | scales. (AC +2) [potion of mutation]
 25348 | Spider:2 | Gained mutation: You occasionally shout uncontrollably at
                  | your foes. [potion of mutation]
 25438 | Spider:2 | Noticed Donald
 25449 | Spider:2 | Killed Donald
 25581 | Spider:2 | Noticed Agnes
 25589 | Spider:2 | Killed Agnes
 25601 | Spider:2 | Noticed Mlioglotl
 25605 | Spider:2 | Noticed a tentacled starspawn
 25630 | Spider:2 | Noticed a tentacled starspawn
 25639 | Spider:2 | Noticed a tentacled starspawn
 25731 | Spider:2 | Killed Mlioglotl
 25732 | Spider:2 | Reached skill level 15 in Fighting
 25884 | Spider:2 | Identified Roxanne's Information on the Lithosphere
 25884 | Spider:2 | Noticed Roxanne
 25911 | Spider:2 | Killed Roxanne
 26257 | Spider:3 | Reached skill level 20 in Axes
 27468 | Spider:4 | Entered Level 4 of the Spider Nest
 27499 | Spider:4 | Reached XP level 18. HP: 112/119 MP: 16/18
 27701 | Spider:4 | Reached skill level 10 in Dodging
 27958 | Spider:4 | Reached skill level 1 in Throwing
 28106 | Spider:4 | Received a gift from Trog
 28188 | Spider:4 | Identified the +2 hat of Yredelemnul's Approval {rElec
                  | Str+2}
 28228 | Spider:4 | Got a gossamer rune of Zot
 28883 | Vaults:1 | Entered Level 1 of the Vaults
 29072 | Vaults:1 | Reached skill level 21 in Axes
 29189 | Vaults:1 | Found a portal to a secret trove of treasure.
 30149 | Vaults:1 | Reached XP level 19. HP: 71/125 MP: 11/19
 30672 | Vaults:2 | Found Ceevi's Antique Weapon Shop.
 30877 | Vaults:2 | Found the +12 pair of quick blades "Gyre" and "Gimble"
                  | {protect}
 31198 | Vaults:2 | Found a staircase to the Crypt.
 31418 | Vaults:2 | Noticed a dread lich
 31423 | Vaults:2 | Paralysed by a dread lich for 4 turns
 31432 | Vaults:2 | Killed a dread lich
 31433 | Vaults:2 | Reached skill level 5 in Stealth
 31490 | Vaults:2 | Identified the scarf of the Shining Light {+Inv, rF++}
 31723 | Vaults:2 | Identified the +11 great sword of the Skies Above {drain,
                  | rElec rF+}
 32042 | Vaults:2 | Received a gift from Trog
 32472 | Vaults:3 | Paralysed by a great orb of eyes for 5 turns
 32485 | Vaults:3 | Reached skill level 10 in Shields
 32961 | Vaults:3 | Reached skill level 22 in Axes
 33890 | Vaults:3 | Lost mutation: You occasionally shout uncontrollably at
                  | your foes. [potion of mutation]
 33890 | Vaults:3 | Gained mutation: You occasionally lose the ability to read
                  | scrolls when taking damage. [potion of mutation]
 33890 | Vaults:3 | Gained mutation: You are vulnerable to heat. (rF-) [potion
                  | of mutation]
 33890 | Vaults:3 | Gained mutation: You are robust. (+10% HP) [potion of
                  | mutation]
 33890 | Vaults:3 | Gained mutation: You have hidden genetic potential. [potion
                  | of mutation]
 34159 | Vaults:4 | Reached XP level 20. HP: 134/147 MP: 20/20
 34342 | Vaults:4 | Found Kekkal's Weapon Emporium.
 35823 | Vaults:5 | Entered Level 5 of the Vaults
 36209 | Vaults:4 | Reached ****** piety under Trog
 36209 | Vaults:4 | Received a gift from Trog
 36995 | Vaults:5 | Noticed a dread lich
 37013 | Vaults:5 | Paralysed by a dread lich for 3 turns
 37022 | Vaults:5 | Received a gift from Trog
 37022 | Vaults:5 | HP: 7/149 [deep troll earth mage (10)]
 37024 | Vaults:5 | Paralysed by a dread lich for 4 turns
 37025 | Vaults:5 | Slain by a tentacled monstrosity

Illustrated notes

Levels and vault maps discovered:
D:1:      dpeg_arrival_yet_another_circle, layout_rooms, minmay_liquid_box
D:2:      layout_loops_cross, serial_shops, shop, uniq_sigmund
D:3:      layout_loops_ring, uniq_terence, uniq_jessica,
          uniq_crazy_yiuf_cottage, uniq_ijyb
D:4:      layout_rooms, portal_sewer_entry_d, uniq_menkaure
D:5:      layout_loops_cross, nicolae_stop_n_shop_2, serial_bayou_pond_d
D:6:      layout_basic, lemuel_flamethrower_2, uniq_grinder
D:7:      layout_cave_pods, minmay_temple_entry_sparse_star, uniq_maggie
D:8:      layout_basic, minmay_lair_entry_grove
D:9:      layout_roguey, jmf_multi_god_temple2, serial_shops, shop,
          enter_bailey_3
D:10:     layout_roguey
D:11:     layout_roguey, orc_0_dummy, serial_shops, nicolae_shop_peninsula
D:12:     layout_basic, serial_shops, shop, serial_demonic, serial_demonic_g,
          serial_demonic_c, serial_demonic_f, serial_demonic_g,
          nicolae_underground_beach, uniq_sonja
D:13:     layout_layer_cave
D:14:     layout_basic, erik_vaults_2, gauntlet_entry_generic,
          nicolae_uskayaw_murder_on_the_dancefloor, lemuel_freeze_loot_1
D:15:     grunt_enter_depths_magical_seal, layout_basic,
          nemelex_xobeh_ov_fountains_minmay, tso_oasis_becter, uniq_kirke
Lair:1:   layout_roguey, nicolae_lair_grazing_beasts
          [nicolae_sub_lair_graze_edge, nicolae_sub_lair_graze_edge,
          nicolae_sub_lair_graze_edge, nicolae_sub_lair_graze_edge],
          grunt_megastairs_2, serial_bayou_shore_b, serial_bayou_shore_b,
          uniq_gastronok
Lair:2:   beargit_carnivore_pack, layout_loops_ring, swamp_mist,
          nicolae_spider_entry_non_spiders, gammafunk_ghost_hive,
          infiniplex_staircase_pool_2
Lair:3:   layout_layer_cave, st_stairs_11, serial_bayou_pond_b,
          kennysheep_snail_temple
Lair:4:   layout_loops_ring
Lair:5:   hangedman_lair_caniforms_friends, layout_layer_cave,
          hangedman_lair_tendril_chambers, nicolae_slime_entry_slimehenge,
          serial_bayou_shore_b, uniq_josephine
Spider:1: layout_cave_pods
Spider:2: layout_spider_delve, uniq_donald, uniq_mlioglotl, uniq_agnes,
          uniq_roxanne
Spider:3: layout_chambers
Spider:4: spider_rune_water, nicolae_spider_baby_got_redback
Orc:1:    hellmonk_paralyzer, layout_caves, basic_altar, lemuel_statue_altar,
          uniq_nergalle
Orc:2:    st_orc_mages, layout_caves, portal_ice_cave_rime,
          nicolae_orc_tapped_out
Vaults:1: v_pattern_1, nicolae_vaults_diamond_2,
          nicolae_vaults_offset_grid_hallway_4, vaults_mumra_bighexcomb,
          vaults_mumra_minichess, hangedman_vaults_stagger,
          ontoclasm_vaults_eye, vaults_room_door_ring, layout_vaults_omnigrid,
          enter_trove_6
Vaults:2: vaults_room_octagon, minmay_crypt_entry_simple_box,
          vaults_room_corners, dpeg_vaults_monster_box,
          nicolae_vaults_weapon_check, grunt_vaults_diagonal,
          nicolae_vaults_asterisk, nicolae_vaults_more_shelving_2, v_misc_8,
          nicolae_vaults_antechamber_and_loot_room, vaults_room_fancy_cross,
          layout_vaults_maze_snakey, serial_shops, nicolae_shop_scrapyard
Vaults:3: vaults_standard_mumra_x, v_rooms_3,
          nicolae_vaults_variable_pillar_hall_cross, grunt_vaults_focal,
          nicolae_vaults_double_plus_1, nicolae_vaults_security_offices_5,
          nicolae_vaults_trapezoid_layered, v_misc_31, vaults_dpeg_hooks,
          nicolae_vaults_trapezoid_layered,
          nicolae_vaults_offset_grid_hallway_3, vaults_dpeg_diagonal,
          layout_vaults_big_cross, serial_glass
Vaults:4: portal_desolation_entry_salt, nicolae_vaults_closet_pinwheel_6,
          nicolae_vaults_three_branches, v_rooms_6,
          nicolae_vaults_double_plus_3, hangedman_vaults_corner,
          nicolae_vaults_little_ls, nicolae_vaults_mini_display_case,
          grunt_vaults_funnel, nicolae_vaults_house_2, vaults_mumra_lcd,
          nicolae_vaults_diamond_1, nicolae_vaults_cochlea,
          layout_vaults_big_room, serial_shops,
          nicolae_shop_bloodbath_and_beyond
Vaults:5

Skill      XL: |  1  2  3  4  5  6  7  8  9 10 11 12 13 14 15 16 17 18 19 20 |
---------------+-------------------------------------------------------------+-----
Axes           | 3 4 5 7 9 11 13 15 16 17 18 19 20 21 22 | 22.9
Fighting       | 4 5 6 7 8 10 11 13 14 15 16 17 18 | 18.2
Armour         | 3 4 5 6 8 9 10 11 12 13 14 15 16 17 18 | 18.8
Dodging        | 2 3 5 7 8 9 10 | 10.3
Short Blades   | 1 2 |  2.4
Stealth        | 1 2 3 4 5 |  5.2
Shields        | 3 5 7 9 10 11 | 11.4
Throwing       | 1 |  1.3
Evocations     | |  0.2

Action                     |  1- 3 |  4- 6 |  7- 9 | 10-12 | 13-15 | 16-18 | 19-21 || total
---------------------------+-------+-------+-------+-------+-------+-------+-------++-------
  Melee: Hand axe          |    77 |    48 |       |     6 |    29 |       |       ||   160
         Punch             |     1 |     3 |     8 |     8 |    10 |       |       ||    30
         Dagger            |       |    97 |    70 |       |       |       |       ||   167
         War axe           |       |       |   305 |   520 |  1206 |  1505 |   842 ||  4378
  Throw: Dart              |       |     1 |     1 |     1 |     1 |     7 |     2 ||    13
 Invoke: Berserk           |     3 |     3 |     8 |    13 |    15 |    26 |    12 ||    80
         Trog's Hand       |       |     1 |     6 |    12 |    15 |    19 |     7 ||    60
         Brothers in Arms  |       |       |       |     1 |     8 |     8 |     4 ||    21
  Evoke: Piece from Xom's  |       |       |       |     2 |       |       |       ||     2
    Use: Scroll            |     6 |     4 |     5 |    10 |     9 |     6 |     4 ||    44
         Potion            |     2 |       |     1 |     4 |     2 |     8 |     8 ||    25
   Stab: Distracted        |       |       |       |       |     3 |       |     1 ||     4
         Sleeping          |       |       |       |       |     2 |     1 |       ||     3
         Paralysed         |       |       |       |       |       |     1 |       ||     1
         Held in net/web   |       |       |       |       |       |     2 |       ||     2
 Armour: Animal skin       |     3 |       |       |       |       |       |       ||     3
         Scale mail        |    40 |       |       |   165 |   886 |   236 |       ||  1327
         Chain mail        |     9 |    70 |   270 |   268 |       |    76 |       ||   693
         Skin              |       |     1 |       |       |       |       |       ||     1
         Plate armour      |       |       |       |       |       |   815 |   632 ||  1447
  Dodge: Dodged            |    51 |    54 |   186 |   289 |   857 |  1062 |   506 ||  3005
  Block: Buckler           |       |       |       |       |   117 |   684 |   402 ||  1203
         Reflection        |       |       |       |       |     2 |    24 |    12 ||    38

Table legend: (Time is in decaauts)
 A = Elapsed time spent in this place.
 B = Non-inter-level travel time spent in this place.
 C = Inter-level travel time spent in this place.
 D = Time resting spent in this place.
 E = Time spent auto-exploring this place.
 F = Levels seen in this place.
 G = Mean time per level.
                   A        B        C        D        E       F      G
               +--------+--------+--------+--------+--------+-----+--------+
         Total |  36851 |  34965 |   1886 |   2202 |  24013 |  34 | 1083.9 |
       Dungeon |  13653 |  12666 |    987 |    236 |   9398 |  15 |  910.2 |
          Lair |   7884 |   7596 |    288 |    613 |   5326 |   5 | 1576.8 |
   Spider Nest |   4140 |   3942 |    198 |    152 |   2624 |   4 | 1035.0 |
  Orcish Mines |   1726 |   1688 |     38 |     75 |   1007 |   2 |  863.0 |
        Vaults |   8005 |   7632 |    373 |    975 |   5080 |   5 | 1601.0 |
         Sewer |    579 |    579 |      0 |      0 |    294 |   1 |  579.0 |
      Ice Cave |    580 |    580 |      0 |    150 |    173 |   1 |  580.0 |
      Gauntlet |    281 |    281 |      0 |      0 |    108 |   1 |  281.0 |
               +--------+--------+--------+--------+--------+-----+--------+

Top non-repeatable levels by time:
Vaults:4: 2460 daAuts
  Lair:5: 2439 daAuts
Vaults:2: 1859 daAuts
Vaults:3: 1815 daAuts
  Lair:1: 1665 daAuts
  Lair:3: 1505 daAuts
Vaults:1: 1504 daAuts
  Lair:2: 1466 daAuts
    D:13: 1453 daAuts
Spider:3: 1431 daAuts
     D:7: 1201 daAuts
Spider:4: 1131 daAuts
    D:15: 1075 daAuts
     D:3: 1009 daAuts
     D:9: 987 daAuts
